 Dungeon Crawl Stone Soup version 0.24-a0-618-ge4662a2d14 (webtiles) character file.

Game seed: 132946933902450243, levelgen mode: deterministic

189 2BsUSBport the Chopper (level 5, -4/47 HPs)
             Began as a Minotaur Fighter on Sept 16, 2019.
             Slain by Sigmund
             ... wielding a +2 scythe of protection
              (8 damage)
             ... on level 3 of the Dungeon.
             The game lasted 00:06:23 (1526 turns).

2BsUSBport the Chopper (Minotaur Fighter)           Turns: 1526, Time: 00:06:24

Health: -4/47      AC:  8    Str: 21    XL:     5   Next: 40%
Magic:  4/4        EV:  7    Int:  5    God:
Gold:   128        SH:  9    Dex: 10    Spells: 4/4 levels left

rFire    . . .     SeeInvis .   a - +0 war axe
rCold    . . .     Gourm    .   c - +0 shield
rNeg     . . .     Faith    .   b - +0 scale mail
rPois    .         Spirit   .   (helmet restricted)
rElec    .         Reflect  .   (no cloak)
rCorr    .         Harm     .   j - +0 pair of gloves
MR       .....                  (no boots)
Stlth    ..........             (no amulet)
HPRegen  0.15/turn              (no ring)
MPRegen  0.09/turn              (no ring)

@: no status effects
A: retaliatory headbutt, horns 2
a: no special abilities


You were on level 3 of the Dungeon.
You were not hungry.

You visited 1 branch of the dungeon, and saw 3 of its levels.

You collected 128 gold pieces.

Inventory:

Hand Weapons
 a - a +0 war axe (weapon)
Armour
 b - a +0 scale mail (worn)
 c - a +0 shield (worn)
 j - a +0 pair of gloves (worn)
Jewellery
 l - an uncursed ring of protection from cold
Scrolls
 e - 3 scrolls of identify
 g - 2 scrolls of immolation {unknown}
 n - a scroll of amnesia {unknown}
Potions
 h - 2 potions of lignification
 i - a potion of invisibility {unknown}
 k - 2 potions of magic
 m - a potion of flight {unknown}
Comestibles
 f - 3 rations


   Skills:
 + Level 4.3 Fighting
 + Level 5.2 Axes
 + Level 4.3 Armour
 + Level 0.4 Dodging
 + Level 4.5 Shields


You had 4 spell levels left.
You didn't know any spells.
Your spell library was empty.

Dungeon Overview and Level Annotations

Branches:
Dungeon (3/15)

Altars:

Annotations:
D:3 Sigmund


Innate Abilities, Weirdness & Mutations

You reflexively headbutt those who attack you in melee.
You have a pair of horns on your head.


Message History

You block something's attack.
You miss something. You block something's attack.
You hit something but do no damage.
You hear some strange, mumbled words.
You are confused.
You hit something. Something hits you!
You bump into the rock wall.
You closely miss something. Your headbutt misses something.
Something hits you but does no damage.
You barely miss something. Something hits you!
* * * LOW HITPOINT WARNING * * *
You bump into the rock wall.
You hear some strange, mumbled words.
Something tries to affect you, but you resist.
You slash something!
You feel less confused. Something hits you!
* * * LOW HITPOINT WARNING * * *
You barely miss something. Your headbutt misses something. Something hits you!
You die...

## .. .... .... .##...
###.#.. .^... .......#
...###........ # ..#..
...$.## . ...
#.#.##).....#..
.....####.#.#<)...#....
.......@....))##.....
.....#){.......#..###
.......###..........#
.......................
.....###########..###..
..... ....# .... ......
.... ....## ....#


There were no monsters in sight!

Vanquished Creatures
  Terence (D:2)
  A worker ant (D:3)
  Robin (D:3)
  4 adders (D:2)
  An ooze (D:1)
  A worm (D:2)
  6 dart slugs
  14 goblins
  15 hobgoblins
  8 jackals
  6 kobolds
  2 quokkas
  3 ball pythons
  3 bats
  3 frilled lizards
  3 rats
72 creatures vanquished.

Notes
Turn   | Place    | Note
-------+----------+-------------------------------------------
     0 | D:1      | 2BsUSBport the Minotaur Fighter began the quest for the
                  | Orb.
     0 | D:1      | Reached XP level 1. HP: 19/19 MP: 0/0
    68 | D:1      | Reached XP level 2. HP: 22/27 MP: 1/1
   225 | D:1      | Reached XP level 3. HP: 33/33 MP: 2/2
   344 | D:1      | Reached skill level 3 in Axes
   802 | D:2      | Reached XP level 4. HP: 40/40 MP: 3/3
   975 | D:2      | Reached skill level 4 in Axes
  1034 | D:2      | Noticed Terence
  1042 | D:2      | Killed Terence
  1457 | D:3      | Noticed Robin
  1459 | D:3      | Reached XP level 5. HP: 46/46 MP: 4/4
  1464 | D:3      | Killed Robin
  1464 | D:3      | Reached skill level 5 in Axes
  1504 | D:3      | Noticed Sigmund
  1526 | D:3      | Slain by Sigmund

Levels and vault maps discovered:
D:1:      lightli_arrival_noodles, layout_rooms, st_stairs_8,
          serial_bayou_lagoon_a, minmay_hexomino_c4
D:2:      layout_basic, first_ration, uniq_terence
D:3:      layout_rooms, serial_bayou_pond_b, kennysheep_generic_room_8,
          uniq_grinder, uniq_sigmund, uniq_robin

Skill      XL: |  1  2  3  4  5 |
---------------+----------------+-----
Armour         | 4 |  4.3
Fighting       | 4 |  4.3
Shields        | 4 |  4.5
Axes           | 3 4 5 |  5.2
Dodging        | |  0.4

Action                   |  1- 3 |  4- 6 || total
-------------------------+-------+-------++-------
Melee: War axe           |    76 |    69 ||   145
       Headbutt          |     9 |    11 ||    20
  Use: Scroll            |       |     3 ||     3
       Potion            |       |     1 ||     1
  Eat: Ration            |     1 |       ||     1
Armor: Scale mail        |    30 |    23 ||    53
Dodge: Dodged            |    29 |    14 ||    43
Block: Shield            |    45 |    42 ||    87

Table legend:
 A = Non-vault XP
 B = Vault XP
 C = Vault XP percentage of total XP
 D = Non-vault monster count
 E = Vault monster count
 F = Vault count percentage of total count
                 A         B        C        D         E       F
            +---------+---------+-------+---------+---------+-------
      Total |     172 |      99 |  36.5 |      50 |      22 |  30.6
            +---------+---------+-------+---------+---------+-------
        D:1 |      31 |      29 |  48.3 |      15 |      10 |  40.0
        D:2 |      99 |      36 |  26.7 |      28 |       1 |   3.4
        D:3 |      42 |      34 |  44.7 |       7 |      11 |  61.1
            +---------+---------+-------+---------+---------+-------
